[Event "Coimbra Queima Fitas Open 2024"]
[Site "Coimbra"]
[Date "2024.04.28"]
[Round "6.7"]
[White "Maloberti, David"]
[Black "Farias, David Nuno Moita Est"]
[Result "0-1"]
[ECO "E92"]
[WhiteElo "1975"]
[BlackElo "2194"]
[Annotator "NA RC"]
[PlyCount "58"]
[EventDate "2024.04.23"]
[EventType "swiss"]
[EventCountry "POR"]
[SourceTitle "playchess.com"]
[Source "ChessBase"]
[SourceQuality "1"]
[TimeControl "5400+30"]

1. d4 Nf6 2. c4 g6 3. Nc3 Bg7 4. e4 d6 5. Nf3 O-O 6. Be2 e5 7. d5 Na6 8. O-O Nc5 9. Qc2 a5 10. Be3 b6 11. Nd2 Bd7 12. b3 h5 13. a3 Ng4 14. Bxg4 hxg4 15. b4 Na6 16. bxa5 f5 17. f4 exf4 18. Bxf4 Bd4+ 19. Kh1 Qf6 20. Rac1 g5 21. Bg3 f4 22. Ne2 Qh8 23. Be1 Be3 24. axb6 Rf7 25. h3 f3 26. Ng1 f2 27. Bxf2 Bxf2 28. b7 Raf8 29. Ndf3 Bxg1 0-1

[Event "Coimbra Queima Fitas Open 2024"]
[Site "Coimbra"]
[Date "2024.04.28"]
[Round "6.8"]
[White "Marques, Pedro Jorge Godinho"]
[Black "Monteiro, Paulo Alexandre Gome"]
[Result "0-1"]
[ECO "B77"]
[WhiteElo "1856"]
[BlackElo "2122"]
[Annotator "NA RC"]
[PlyCount "56"]
[EventDate "2024.04.23"]
[EventType "swiss"]
[EventCountry "POR"]
[SourceTitle "playchess.com"]
[Source "ChessBase"]
[SourceQuality "1"]
[TimeControl "5400+30"]

1. Nf3 c5 2. e4 Nc6 3. Nc3 g6 4. d4 cxd4 5. Nxd4 Bg7 6. Be3 d6 7. Qd2 Nf6 8. f3 O-O 9. Bc4 Bd7 10. g4 Ne5 11. Be2 Rc8 12. Bh6 Bxh6 13. Qxh6 Qb6 14. O-O-O Rxc3 15. bxc3 d5 16. Nf5 Bxf5 17. gxf5 dxe4 18. fxg6 hxg6 19. Rhg1 exf3 20. Bxf3 Nxf3 21. Rg3 Ne5 22. Rd4 Nfg4 23. Rgxg4 Nxg4 24. Rxg4 Qf6 25. h4 Qxc3 26. Kb1 Rd8 27. Rg1 Qb4+ 28. Kc1 Qd4 0-1

[Event "Coimbra Queima Fitas Open 2024"]
[Site "Coimbra"]
[Date "2024.04.28"]
[Round "6.9"]
[White "Ryabukhina, Veronika"]
[Black "Novais, Carlos Joao Fernande"]
[Result "1/2-1/2"]
[ECO "A53"]
[WhiteElo "1738"]
[BlackElo "2101"]
[Annotator "NA RC"]
[PlyCount "165"]
[EventDate "2024.04.23"]
[EventType "swiss"]
[EventCountry "POR"]
[SourceTitle "playchess.com"]
[Source "ChessBase"]
[SourceQuality "1"]
[TimeControl "5400+30"]

1. d4 Nf6 2. c4 d6 3. Nc3 Nbd7 4. e4 e5 5. d5 Nc5 6. Qc2 a5 7. h3 Be7 8. Nf3 h5 9. Be2 Nh7 10. Be3 b6 11. Nd2 g6 12. O-O-O Bg5 13. Bxg5 Qxg5 14. g3 h4 15. g4 Qf4 16. Rdf1 Bd7 17. Bd3 Ng5 18. Ne2 Qf6 19. f3 a4 20. Qc3 Nh7 21. Kc2 O-O 22. f4 exf4 23. Qxf6 Nxf6 24. Rxf4 Nh7 25. Nd4 Rae8 26. Rf2 Ng5 27. Re2 f6 28. N4f3 Nf7 29. Kc3 g5 30. Nd4 Ne5 31. Bc2 Ng6 32. Re3 Rb8 33. b4 axb3 34. axb3 Ra8 35. Ne2 b5 36. Rf3 Ra2 37. cxb5 Ne5 38. Rf2 Bxb5 39. Nc1 Ra1 40. Re1 Kg7 41. Nf3 Ng6 42. Nd4 Bd7 43. Kb2 Raa8 44. Nd3 Rab8 45. Kc3 Nxd3 46. Bxd3 Nf4 47. Bf1 Ra8 48. Rc2 Rfb8 49. Kd2 Rb7 50. Rec1 Raa7 51. Rc3 Kf7 52. Ne2 Ng6 53. Nd4 Ke7 54. Bd3 Nf4 55. Bb1 Ng6 56. Ke3 Kd8 57. Rf1 Ke7 58. Rfc1 Ne5 59. Nf3 Nxf3 60. Kxf3 Ra3 61. Bc2 Bb5 62. Ke3 Kd7 63. Bd1 Ra2 64. Bc2 Kd8 65. Kd4 Ba6 66. Rf3 Ke7 67. Rc3 Rb4+ 68. Ke3 Kd8 69. Rb1 Bb5 70. Rd1 Rxc2 71. Rxc2 Rxb3+ 72. Kd2 Rxh3 73. Rdc1 Rd3+ 74. Ke2 Rg3+ 75. Kf2 Rxg4 76. Rxc7 Bd7 77. Ra7 Rxe4 78. Rcc7 Re7 79. Rcb7 Ke8 80. Rb8+ Kf7 81. Rbb7 Ke8 82. Rb8+ Kf7 83. Rbb7 1/2-1/2

[Event "Coimbra Queima Fitas Open 2024"]
[Site "Coimbra"]
[Date "2024.04.28"]
[Round "6.10"]
[White "Vasconcelos, Paulo Jorge Lopes De"]
[Black "Pintor, Simao Maciel Abranch"]
[Result "1/2-1/2"]
[ECO "B38"]
[WhiteElo "2093"]
[BlackElo "2039"]
[Annotator "NA RC"]
[PlyCount "79"]
[EventDate "2024.04.23"]
[EventType "swiss"]
[EventCountry "POR"]
[SourceTitle "playchess.com"]
[Source "ChessBase"]
[SourceQuality "1"]
[TimeControl "5400+30"]

1. e4 c5 2. Nf3 Nc6 3. d4 cxd4 4. Nxd4 g6 5. c4 Bg7 6. Be3 Qb6 7. Nb5 Qa5+ 8. Bd2 Qd8 9. N1c3 a6 10. Na3 d6 11. Rc1 Nf6 12. Bd3 O-O 13. h3 Be6 14. O-O Rc8 15. b3 Nd7 16. Nc2 Nc5 17. Ne1 Nd4 18. Bb1 Bd7 19. Be3 e5 20. Nc2 Nce6 21. Nb4 Bf6 22. Nbd5 Bg5 23. f4 Bh6 24. f5 Bxe3+ 25. Nxe3 Nf4 26. Ned5 Nxd5 27. Nxd5 f6 28. Qd2 Kg7 29. Rcd1 b5 30. Ne3 bxc4 31. Nxc4 Bb5 32. Bd3 Bxc4 33. Bxc4 d5 34. Bd3 Qb6 35. Kh1 dxe4 36. Bxe4 gxf5 37. Bxf5 Nxf5 38. Qd7+ Ne7 39. Qxe7+ Rf7 40. Qd6 1/2-1/2

[Event "Coimbra Queima Fitas Open 2024"]
[Site "Coimbra"]
[Date "2024.04.28"]
[Round "6.11"]
[White "Silva, Lourenco Santa Clara"]
[Black "Goncalves, Samuel Jesus Pereira"]
[Result "0-1"]
[ECO "C88"]
[WhiteElo "1893"]
[BlackElo "2190"]
[Annotator "TA"]
[PlyCount "134"]
[EventDate "2024.04.23"]
[EventType "swiss"]
[EventCountry "POR"]
[SourceTitle "playchess.com"]
[Source "ChessBase"]
[SourceQuality "1"]
[TimeControl "5400+30"]

1. e4 e5 2. Nf3 Nc6 3. Bb5 a6 4. Ba4 Nf6 5. O-O Be7 6. Re1 b5 7. Bb3 O-O 8. a4 Bb7 9. d3 d6 10. c3 Na5 11. Bc2 c5 12. Nbd2 Re8 $1 {[%emt 0:01:33] 12...Re8 is better than 12...Qc7. C88: Closed Ruy Lopez: Anti-Marshall Systems.} 13. Nf1 Bf8 {[%emt 0:00:36] is the legacy move (13...h6).} 14. Ng3 d5 15. exd5 Qxd5 16. Bg5 Qd6 17. h3 $146 (17. Nf5 $142 Qd8 18. d4 (18. Nxe5 $2 Qd5 $19) (18. Rxe5 $2 Rxe5 19. Nxe5 Qd5 $19)) ({Predecessor:} 17. axb5 axb5 18. Nf5 Qc6 19. c4 Re6 20. cxb5 Qxb5 21. Nxe5 Qxb2 22. Rb1 Qa2 23. Rxb7 {1-0 Varga,Z (2535)-Galdunts,S (2450) Recklinghausen 1995 (5)}) 17... h6 18. Bd2 (18. axb5 $11 axb5 19. Bd2) 18... c4 (18... b4 $15 {might be stronger.}) 19. d4 $11 Nc6 20. axb5 axb5 21. Rxa8 Bxa8 22. Nf5 Qd5 23. Ne3 Qd7 24. Nf5 (24. Nxe5 $11 Nxe5 25. dxe5 Rxe5 26. b3) 24... e4 $17 25. d5 (25. N3h4 $17) 25... Qxd5 $19 (25... Qxf5 26. dxc6 Qd5 (26... Bxc6 27. Be3 $17) 27. Nd4 $17) 26. Ne3 Qc5 (26... Qd7 $19 27. Nd4 Nxd4 28. cxd4 Bd5 (28... Qxd4 $2 29. Bc3 $17)) 27. Nh2 (27. Ng4 $17 Nxg4 (27... exf3 $2 28. Nxf6+ gxf6 29. Rxe8 $18) 28. hxg4) 27... Ne5 28. Qe2 (28. Neg4 $142 Nfxg4 29. Nxg4) 28... Nd3 $19 29. Rb1 Bd6 30. Nhg4 Nd5 31. Nxh6+ $2 (31. Nxd5 {might work better.} Bxd5 32. Ne3) 31... gxh6 $19 32. Qg4+ Kh7 33. Bxd3 $2 (33. Qh5 {was necessary.} Rg8 34. Qf5+ Rg6 35. Qxf7+ Rg7 36. Qf5+ Kh8 37. Ra1) 33... Nxe3 $2 (33... cxd3 $2 34. Qh5 Kg8 35. Qg4+ Kh8 36. Nf5 $19) (33... exd3 $19 34. Qd7 Rg8 35. Qxf7+ Rg7 36. Qf5+ Kh8) 34. Bxe3 $14 Qe5 35. Bc2 Rg8 36. f4 Qf6 37. Qe2 Qf5 (37... Bxf4 38. Bxf4 Qxf4 39. Rf1 $16) 38. Ra1 Bd5 (38... Qxh3 $2 {is the wrong capture.} 39. Bd4 (39. Rxa8 Rxg2+ 40. Qxg2 Qxe3+ 41. Qf2 Bxf4 $18) 39... Qe6 (39... Bxf4 $2 {perishes.} 40. Bxe4+ Bxe4 41. Qxe4+ Rg6 42. Qxg6+ Kxg6 43. gxh3 $18) 40. Rxa8 Rxa8 41. Qxe4+ (41. Bxe4+ $2 Kg8 $19) 41... Qxe4 42. Bxe4+ f5 43. Bxa8 $18) (38... Bxf4 $2 39. Bxf4 Qxf4 40. Rxa8 $18) 39. Rd1 Bc7 40. Kh1 Bc6 41. Qf2 Qg6 42. Ra1 Qg3 (42... Bb7 $11 {keeps the balance.}) 43. Ra7 $16 Qxf2 44. Bxf2 Bb8 45. Ra6 (45. Rxf7+ $16 Kg6 46. Re7) 45... Bd5 $14 46. Be3 (46. Rf6 $14) 46... Rg3 $11 47. Bf2 Rg6 48. Rxg6 Kxg6 49. Be3 h5 50. Bd1 Bd6 51. Kg1 b4 52. Kf2 h4 53. Bg4 (53. cxb4 $11 Bxb4 54. Bg4) 53... Be6 (53... f5 $15 54. Bd1 bxc3 55. bxc3 Be7) 54. Be2 (54. cxb4 $1 $11 Bxb4 55. Be2) 54... Kf5 ({Better is} 54... b3 $15) 55. Bg4+ $11 Kf6 56. Be2 Ke7 57. g4 (57. cxb4 $11 Bxb4 58. g3) 57... hxg3+ $15 58. Kxg3 Kf6 (58... b3 $15) 59. Bd4+ Kf5 60. Bg4+ Kg6 61. Be2 ({White should play} 61. Bxe6 $11 fxe6 62. cxb4 Bxb4 63. Kg4) 61... b3 $15 62. Bd1 Bd5 63. Kg4 f5+ 64. Kg3 Kh6 65. Be5 $2 (65. Be3 $17) 65... Bc5 $19 66. Bf6 e3 67. Be5 Ba3 0-1

[Event "Coimbra Queima Fitas Open 2024"]
[Site "Coimbra"]
[Date "2024.04.28"]
[Round "6.12"]
[White "Bastiao, Tomas De Oliveira"]
[Black "Pinsach Gelabert, Alexandre"]
[Result "1-0"]
[ECO "A21"]
[WhiteElo "1875"]
[BlackElo "2169"]
[Annotator "NA RC"]
[PlyCount "63"]
[EventDate "2024.04.23"]
[EventType "swiss"]
[EventCountry "POR"]
[SourceTitle "playchess.com"]
[Source "ChessBase"]
[SourceQuality "1"]
[TimeControl "5400+30"]

1. c4 e5 2. Nc3 Bb4 3. Nd5 Bc5 4. e3 c6 5. d4 cxd5 6. dxc5 Qa5+ 7. Bd2 Qxc5 8. Qg4 g6 9. cxd5 d6 10. Qh4 Nd7 11. Rc1 Qb6 12. Bc3 Ngf6 13. Bc4 O-O 14. Ne2 Ne8 15. O-O Ng7 16. Ng3 f5 17. Kh1 f4 18. exf4 Rxf4 19. Qe7 Rxc4 20. f4 h6 21. fxe5 Rxc3 22. bxc3 Nxe5 23. Rf8+ Kh7 24. Ne4 g5 25. Nf6+ Kg6 26. Rg8 Nf7 27. Ne8 Ne5 28. Qxg7+ Kf5 29. Rf8+ Ke4 30. Qh7+ Kxd5 31. Nc7+ Kc6 32. Nxa8 1-0

[Event "Coimbra Queima Fitas Open 2024"]
[Site "Coimbra"]
[Date "2024.04.28"]
[Round "6.13"]
[White "Dias, Ivo Rodrigues"]
[Black "Santos, Jose Miguel Sereno"]
[Result "1-0"]
[ECO "B12"]
[WhiteElo "2145"]
[BlackElo "1884"]
[Annotator "NA RC"]
[PlyCount "103"]
[EventDate "2024.04.23"]
[EventType "swiss"]
[EventCountry "POR"]
[SourceTitle "playchess.com"]
[Source "ChessBase"]
[SourceQuality "1"]
[TimeControl "5400+30"]

1. e4 c6 2. d4 d5 3. e5 c5 4. dxc5 e6 5. a3 Bxc5 6. b4 Be7 7. Nf3 Nc6 8. Bb2 a6 9. Bd3 h5 10. Nbd2 Nh6 11. Qe2 Qc7 12. O-O O-O 13. Nb3 g6 14. Rfe1 Re8 15. Nbd2 Nf5 16. c4 dxc4 17. Nxc4 Rd8 18. Rac1 Bf8 19. h3 Bh6 20. Rc2 Nfe7 21. Bc1 Bxc1 22. Rexc1 Nd5 23. Be4 Qe7 24. Rd2 Rb8 25. Qd1 b5 26. Bxd5 exd5 27. Ne3 Nxe5 28. Nxd5 Nxf3+ 29. Qxf3 Qg5 30. Nf6+ Kg7 31. Ne4 Qe7 32. Qc3+ Kh7 33. Nf6+ Kh6 34. Rxd8 Qxd8 35. Qe3+ Kg7 36. Qe5 Qxf6 37. Qxb8 Bxh3 38. Qg3 Be6 39. Qc3 Bc4 40. Qxf6+ Kxf6 41. Rd1 Ke7 42. Kh2 f6 43. Kg3 g5 44. f4 h4+ 45. Kf2 g4 46. Rh1 h3 47. gxh3 gxh3 48. Rxh3 Ke6 49. Ke3 Kd6 50. Kd4 Ba2 51. Rh8 Ke6 52. Ra8 1-0

[Event "Coimbra Queima Fitas Open 2024"]
[Site "Coimbra"]
[Date "2024.04.28"]
[Round "6.14"]
[White "Ryabukhin, Roman"]
[Black "Silva, Reinaldo David Batis"]
[Result "1-0"]
[ECO "B50"]
[WhiteElo "2047"]
[BlackElo "1856"]
[Annotator "NA RC"]
[PlyCount "51"]
[EventDate "2024.04.23"]
[EventType "swiss"]
[EventCountry "POR"]
[SourceTitle "playchess.com"]
[Source "ChessBase"]
[SourceQuality "1"]
[TimeControl "5400+30"]

1. e4 c5 2. Nf3 d6 3. c3 d5 4. exd5 Qxd5 5. Na3 Bd7 6. Bc4 Qe4+ 7. Be2 Bc6 8. O-O Nd7 9. Nb5 Bxb5 10. Bxb5 O-O-O 11. Re1 Qd5 12. d3 Nb6 13. Re5 Qd6 14. d4 f6 15. Re4 e5 16. Qc2 Ne7 17. Be3 c4 18. dxe5 fxe5 19. Nxe5 Qf6 20. Bxb6 axb6 21. Rxc4+ Kb8 22. Nd7+ Rxd7 23. Bxd7 Nc6 24. Bxc6 bxc6 25. Qe4 Bc5 26. Qf4+ 1-0

[Event "Coimbra Queima Fitas Open 2024"]
[Site "Coimbra"]
[Date "2024.04.28"]
[Round "6.15"]
[White "Almeida, Joao Pedro Dias"]
[Black "Costa, Goncalo Martins Paul"]
[Result "1-0"]
[ECO "B15"]
[WhiteElo "2006"]
[BlackElo "1855"]
[Annotator "NA RC"]
[PlyCount "105"]
[EventDate "2024.04.23"]
[EventType "swiss"]
[EventCountry "POR"]
[SourceTitle "playchess.com"]
[Source "ChessBase"]
[SourceQuality "1"]
[TimeControl "5400+30"]

1. e4 c6 2. d4 d5 3. Nc3 dxe4 4. Nxe4 Nf6 5. Nxf6+ exf6 6. c3 Bd6 7. Bd3 O-O 8. Qc2 Re8+ 9. Ne2 h5 10. Be3 Nd7 11. O-O-O Nf8 12. Ng3 g6 13. Ne4 Be7 14. h3 f5 15. Nd2 Bg5 16. Nc4 b5 17. Ne5 Bxe3+ 18. fxe3 Qc7 19. Rde1 f6 20. Nf3 Be6 21. Kb1 Qf7 22. a3 Bd5 23. e4 fxe4 24. Bxe4 Bxe4 25. Rxe4 Rxe4 26. Qxe4 Qe6 27. Re1 Re8 28. Qf4 Qf5+ 29. Qxf5 Rxe1+ 30. Nxe1 gxf5 31. g3 Ng6 32. Nd3 h4 33. gxh4 Nxh4 34. Kc2 Kf7 35. Nf4 Ke7 36. Kd3 Nf3 37. Ke3 Ng5 38. h4 Nf7 39. Nh5 Nh6 40. Kf4 Kf7 41. Ng3 Ke6 42. Nf1 Kf7 43. Ne3 Kg6 44. b3 Nf7 45. Nxf5 Kh5 46. Ne7 Nd8 47. Kf5 Kxh4 48. c4 Nb7 49. c5 Nd8 50. Kxf6 Kg4 51. Nxc6 Nxc6 52. d5 Na5 53. c6 1-0

[Event "Coimbra Queima Fitas Open 2024"]
[Site "Coimbra"]
[Date "2024.04.28"]
[Round "6.16"]
[White "Bernardo, Daniel Madureira"]
[Black "Morais, Mario Martins Freita"]
[Result "1/2-1/2"]
[ECO "B30"]
[WhiteElo "2005"]
[BlackElo "1835"]
[Annotator "NA RC"]
[PlyCount "106"]
[EventDate "2024.04.23"]
[EventType "swiss"]
[EventCountry "POR"]
[SourceTitle "playchess.com"]
[Source "ChessBase"]
[SourceQuality "1"]
[TimeControl "5400+30"]

1. e4 c5 2. Nf3 Nc6 3. c3 d5 4. e5 Qc7 5. d4 Bg4 6. dxc5 e6 7. Be3 Bxf3 8. Qxf3 Nge7 9. Bb5 Ng6 10. O-O Be7 11. Bd4 O-O 12. Bxc6 Qxc6 13. b4 f6 14. Qe3 fxe5 15. Bxe5 Nxe5 16. Qxe5 Rf5 17. Qe3 e5 18. Nd2 Bg5 19. Qe2 Raf8 20. Rad1 Qh6 21. f3 Be3+ 22. Kh1 Bf4 23. g4 R5f7 24. c4 Bxd2 25. Qxd2 Qxd2 26. Rxd2 dxc4 27. Kg2 Rf4 28. Re2 c3 29. Rxe5 Rxb4 30. Rc1 Rb2+ 31. Kg3 Rxa2 32. Rxc3 Rd2 33. h4 Rd7 34. Ra3 a6 35. c6 bxc6 36. Rc5 Rd6 37. Rxa6 Rd3 38. Rf5 Rxf5 39. gxf5 Rc3 40. Kf4 Kf7 41. Kg4 Kf6 42. Ra8 Rc4+ 43. f4 h5+ 44. Kxh5 Rxf4 45. Rf8+ Ke7 46. Rc8 Rxf5+ 47. Kg6 Rf4 48. h5 Rg4+ 49. Kf5 Rc4 50. Rc7+ Kf8 51. Kg5 Kg8 52. Kg6 Rg4+ 53. Kf5 Rc4 1/2-1/2

[Event "Coimbra Queima Fitas Open 2024"]
[Site "Coimbra"]
[Date "2024.04.28"]
[Round "6.17"]
[White "Duque, Raquel Dos Santos"]
[Black "Faryma, Matviy"]
[Result "0-1"]
[ECO "A25"]
[WhiteElo "1870"]
[BlackElo "1993"]
[Annotator "NA RC"]
[PlyCount "78"]
[EventDate "2024.04.23"]
[EventType "swiss"]
[EventCountry "POR"]
[SourceTitle "playchess.com"]
[Source "ChessBase"]
[SourceQuality "1"]
[TimeControl "5400+30"]

1. c4 e5 2. Nc3 Nc6 3. g3 g6 4. Bg2 Bg7 5. Nf3 Nge7 6. O-O O-O 7. Rb1 a5 8. e4 d6 9. d3 h6 10. a3 g5 11. b4 axb4 12. axb4 Ng6 13. Ne2 f5 14. b5 Nce7 15. Nc3 f4 16. Qb3 Be6 17. Nd5 b6 18. h3 fxg3 19. fxg3 Qd7 20. Kh2 Rf7 21. Bb2 Raf8 22. d4 g4 23. hxg4 Nxd5 24. cxd5 Bxg4 25. dxe5 dxe5 26. Rbc1 Bf6 27. Ba3 Be7 28. Rc6 Bd6 29. Bxd6 cxd6 30. Rxb6 h5 31. Qa3 Rf6 32. Nd2 h4 33. Rxf6 hxg3+ 34. Kxg3 Rxf6 35. Qa8+ Rf8 36. Qb7 Qd8 37. Kh2 Qh4+ 38. Kg1 Qf2+ 39. Kh2 Nf4 0-1

[Event "Coimbra Queima Fitas Open 2024"]
[Site "Coimbra"]
[Date "2024.04.28"]
[Round "6.18"]
[White "Santos, Ricardo Alexandre Lu"]
[Black "Ermida, Ricardo Carreira Das"]
[Result "1-0"]
[ECO "C79"]
[WhiteElo "1987"]
[BlackElo "1825"]
[Annotator "NA RC"]
[PlyCount "105"]
[EventDate "2024.04.23"]
[EventType "swiss"]
[EventCountry "POR"]
[SourceTitle "playchess.com"]
[Source "ChessBase"]
[SourceQuality "1"]
[TimeControl "5400+30"]

1. e4 e5 2. Nf3 Nc6 3. Bb5 a6 4. Ba4 Nf6 5. O-O d6 6. Re1 Bd7 7. c3 g6 8. d4 Bg7 9. Bg5 h6 10. Bh4 O-O 11. Nbd2 Re8 12. d5 Ne7 13. Bxd7 Nxd7 14. a4 a5 15. Nc4 g5 16. Bg3 f5 17. exf5 Nxf5 18. Nfd2 Nxg3 19. hxg3 Nf6 20. Ne4 Nxe4 21. Rxe4 Qd7 22. b4 axb4 23. cxb4 Ra7 24. a5 Rea8 25. Rb1 Qb5 26. Kh2 Rf8 27. Kg1 Rfa8 28. Na3 Qd7 29. Qd3 Rf8 30. Rc1 c6 31. f3 Qf7 32. Rd1 Rd8 33. Nc4 cxd5 34. Qxd5 Qxd5 35. Rxd5 Raa8 36. Rxd6 Rac8 37. Rxd8+ Rxd8 38. Nxe5 Rd5 39. f4 Rb5 40. Kf2 Bf8 41. Nd3 Rd5 42. Ke3 Rd7 43. Re5 Bg7 44. Rb5 Bc3 45. fxg5 Re7+ 46. Kf3 hxg5 47. Rxg5+ Kf8 48. Rb5 Bd2 49. Nc5 Re3+ 50. Kg4 Be1 51. Rxb7 Rxg3+ 52. Kf5 Rc3 53. a6 1-0

[Event "Coimbra Queima Fitas Open 2024"]
[Site "Coimbra"]
[Date "2024.04.28"]
[Round "7.1"]
[White "Sousa, Andre Ventura"]
[Black "Veiga, Jose Francisco R P N"]
[Result "1-0"]
[ECO "C54"]
[WhiteElo "2426"]
[BlackElo "2378"]
[Annotator "TA"]
[PlyCount "59"]
[EventDate "2024.04.23"]
[EventType "swiss"]
[EventCountry "POR"]
[SourceTitle "playchess.com"]
[Source "ChessBase"]
[SourceQuality "1"]
[TimeControl "5400+30"]

1. e4 e5 2. Nf3 Nc6 3. Bc4 Bc5 4. c3 Nf6 5. d4 exd4 6. b4 (6. cxd4 $11 Bb4+ 7. Bd2) 6... Bb6 $15 7. e5 d5 8. exf6 {[%emt 0:00:13] Black is slightly better.} dxc4 9. Qe2+ Be6 {[%emt 0:01:20] [#] Strongly threatening ...0-0.} 10. b5 $1 O-O 11. bxc6 $14 (11. fxg7 $2 Re8 12. bxc6 Bg4 $19) 11... Re8 12. O-O $1 d3 (12... gxf6 $2 13. Nxd4 (13. cxb7 d3 $18) 13... Bd5 14. Be3 $18) 13. Qe4 Bd5 (13... gxf6 $2 14. cxb7 Rb8 15. Nbd2 $18) 14. Qf5 {[%emt 0:08:21] Threatens to win with Qg5.} g6 (14... gxf6 $2 15. Bh6 Be6 16. Qf4 $18) (14... bxc6 $142 15. fxg7 Qc8) 15. Qg5 $16 bxc6 16. Qh4 h5 17. Nbd2 {[%emt 0:21:36] aiming for Ba3.} Re6 18. Ba3 (18. Nxc4 Re4 19. Bf4 Rxc4 $11 (19... Bxc4 20. Nd2 $16)) 18... Rxf6 (18... Qxf6 $14 19. Qxf6 (19. Nxc4 $2 Qxh4 20. Nxh4 Bxc4 $19) 19... Rxf6) 19. Rae1 {[%emt 0:01:53] Hoping for Be7.} Rf5 (19... Re6 $16 {might work better.}) 20. Be7 $18 (20. Nxc4 Qxh4 (20... Bxf3 21. Qxd8+ Rxd8 22. gxf3 $16) 21. Nxh4 Bxc4 22. Nxf5 gxf5 $11) 20... Qc8 21. Nd4 Bxd4 22. Qxd4 (22. cxd4 c3 23. Ne4 c2 $17) 22... Qa6 23. a3 Re8 24. Bc5 Re6 (24... Qc8 $142 25. Bxa7 (25. Nxc4 Rxe1 26. Rxe1 Bxg2 $18) 25... Rd8) 25. Rxe6 (25. Bxa7 c5 26. Bxc5 Kh7 $18) 25... fxe6 26. Rb1 {Intending Rb8+ and mate.} (26. Bxa7 Qxa3 27. Bc5 (27. Nxc4 Bxc4 28. Qxc4 Qxa7 $14) 27... Qa5 $18) 26... e5 (26... Qc8 $142 27. Bxa7 (27. Nxc4 Bxc4 28. Qxc4 Qd7 $18) 27... e5) 27. Qh4 $2 (27. Rb8+ Kh7 28. Qh4) 27... Qa5 $2 (27... Qc8 $18 28. Bxa7 (28. Nxc4 Rf4 $18) 28... Rf8) 28. Rb8+ {White mates.} (28. Nxc4 $2 Qxc5 29. Ne3 Rf8 $19) 28... Kh7 {[#]} 29. Qd8 $1 Qxc3 (29... g5 30. Bb4) 30. Qh8# {Weighted Error Value: White=0.26 (precise) /Black=0.50.  Mistake:       	White=1     	Black=7      Inaccurate:     	White=1     	Black=1      OK:         	White=11    	Black=9      Best:        	White=1     	Black=2      Strong:       	White=2     	---} 1-0

[Event "Coimbra Queima Fitas Open 2024"]
[Site "Coimbra"]
[Date "2024.04.28"]
[Round "7.2"]
[White "Farias, David Nuno Moita Est"]
[Black "Martins, Bruno Andre Leite"]
[Result "1-0"]
[ECO "B00"]
[WhiteElo "2194"]
[BlackElo "2360"]
[Annotator "RC"]
[PlyCount "75"]
[EventDate "2024.04.23"]
[EventType "swiss"]
[EventCountry "POR"]
[SourceTitle "playchess.com"]
[Source "ChessBase"]
[SourceQuality "1"]
[TimeControl "5400+30"]

1. e4 d6 2. d4 e5 3. Nf3 Nc6 4. Bb5 Bd7 5. O-O exd4 6. Bxc6 bxc6 7. Qxd4 Ne7 8. b3 Ng6 9. Bb2 Nf4 10. Qe3 Ne6 11. Nd4 f6 12. f4 Be7 13. f5 Ng5 14. c4 O-O 15. Nc3 Re8 16. h4 Nf7 17. Rad1 a5 18. Qg3 Bf8 19. Bc1 a4 20. h5 axb3 21. axb3 h6 22. Qg6 Ne5 23. Qg3 Nf7 24. Bf4 Qb8 25. Ra1 Rxa1 26. Rxa1 c5 27. Nf3 Qxb3 28. Nd2 Qb7 29. Rb1 Qa7 30. Nd5 Ng5 31. Bxg5 hxg5 32. h6 c6 33. hxg7 Kxg7 34. Nxf6 Kxf6 35. Nf3 Bc8 36. Qxg5+ Kf7 37. Qg6+ Ke7 38. Qh7+ 1-0

[Event "Coimbra Queima Fitas Open 2024"]
[Site "Coimbra"]
[Date "2024.04.28"]
[Round "7.3"]
[White "Martin Duque, Jesus"]
[Black "Simoes, Miguel Caldeira"]
[Result "1-0"]
[ECO "A05"]
[WhiteElo "2336"]
[BlackElo "2084"]
[Annotator "TA"]
[PlyCount "199"]
[EventDate "2024.04.23"]
[EventType "swiss"]
[EventCountry "POR"]
[SourceTitle "playchess.com"]
[Source "ChessBase"]
[SourceQuality "1"]
[TimeControl "5400+30"]

1. Nf3 Nf6 2. b3 g6 3. Bb2 Bg7 4. g3 b6 5. Bg2 Bb7 6. O-O O-O 7. c4 d5 8. e3 c5 9. Qe2 {[%emt 0:02:26] A30: Symmetrical English: Double Fianchetto and Hedgehog.} Nbd7 10. d4 Qc7 11. Na3 Rac8 12. Rfd1 $146 ({Predecessor:} 12. Rac1 Qb8 13. Rfd1 Rfd8 14. Bh3 e6 15. cxd5 Bxd5 16. Bg2 cxd4 17. Bxd4 Rxc1 18. Rxc1 {0-1 Bemmelen Van,U (2145)-Nabaty,T (2631) Olympiad-44 Chennai 2022 (1.2)}) 12... Rfe8 13. dxc5 bxc5 14. cxd5 Bxd5 15. Nc4 Nb6 16. Nce5 Ne4 17. Rxd5 Nxd5 18. Qc4 Nef6 19. e4 e6 20. exd5 exd5 21. Qc2 Ne4 22. Nd3 c4 23. Bxg7 cxd3 24. Qxc7 Rxc7 25. Bh6 g5 26. Nxg5 (26. Bxg5 Nxg5 27. Rd1 Rc2 28. Rxd3 (28. Nxg5 $2 d2 $19) 28... Rc1+ 29. Bf1 Nxf3+ 30. Rxf3 Ree1 $19) 26... Rc6 27. Nxe4 Rxh6 28. Nd2 Re2 29. Rd1 Rc6 30. Bxd5 Rc2 31. Ne4 Kg7 32. g4 (32. Rxd3 f5) 32... h5 33. h3 ({Not} 33. gxh5 f5 34. Ng3 Rxf2 $18) (33. Rxd3 hxg4 34. Ba8 f5 35. Rd7+ Kg6 36. Rd6+ Kg7 $16) 33... hxg4 34. hxg4 (34. Rxd3 f5 35. Ng3 Rxf2 $11) 34... d2 35. Kf1 Re1+ 36. Rxe1 dxe1=Q+ 37. Kxe1 Rxa2 38. Kf1 Kg6 39. Kg2 f5 40. gxf5+ Kxf5 41. Nc3 Ra1 42. Bc4 a5 (42... Kg4 $142 43. Ne2 Kf5) 43. Kf3 $18 Rc1 44. Ne2 Rd1 45. Ke3 Ra1 (45... Rd8 $142 46. Nc3 Rh8 47. Bd3+ Ke6) 46. Bd3+ $18 Kf6 47. Nc3 Rh1 48. Kd4 Kg5 49. Be4 Rh2 50. f3 Rb2 51. Kc4 Kf4 52. Na4 Ra2 53. Kb5 Ra3 54. Nc5 ({And not} 54. Kxa5 Rxb3 55. Nc5 Rxf3 $11) 54... Ke3 55. Kc4 Ra2 56. Bc6 Rc2+ 57. Kb5 Rc3 58. Bd5 Kd4 59. Bc4 Rxf3 60. Ne6+ Kc3 61. Kxa5 Rf5+ {[%emt 0:03:55] [#]} 62. Ka4 $1 Rf2 63. Nc7 Ra2+ 64. Kb5 Rb2 65. Nd5+ Kd4 66. Kb4 Rb1 (66... Rf2 $142 67. Nc7 Rf5 68. Nb5+ Ke3) 67. Nc7 (67. Ne7 $142 Rh1 68. Nc6+ Ke4 69. Kb5) 67... Ke3 68. Kc5 Kd2 69. b4 Rh1 70. b5 Rh5+ 71. Nd5 Rh8 72. b6 Kc2 73. b7 Kb2 74. Nb6 Rb8 75. Bd5 Kc3 76. Nd7 Rxb7 77. Bxb7 Kd3 78. Nf6 Kc3 79. Be4 Kb3 80. Nd5 Kb2 81. Kb4 Ka2 82. Kc3 Ka1 83. Nb6 Ka2 84. Na4 Ka3 85. Nc5 Ka2 86. Nb3 Ka3 87. Bb1 Ka4 88. Nd4 Ka3 89. Nb5+ Ka4 90. Kc4 Ka5 91. Kc5 Ka4 92. Bc2+ Ka5 93. Bb3 Ka6 94. Nd6 Ka5 95. Nb7+ Ka6 96. Kc6 Ka7 97. Kc7 Ka6 98. Bc4+ Ka7 99. Nd6 Ka8 100. Bb5 1-0